Map: 2000 Atmospheres LE

Players

SportsLiker - Winner!

  • Race: Zerg Zerg
  • League: Diamond

VOD

Have the link to the VOD?

Description

Time

  • Played on: Dec. 27, 2021, 4:24 p.m.
  • Length: 21:38
Show
View Real Time Build Order
Export as new Build Order

SportsLiker Zerg - Winner!

Build Orders:  

Get SALT Encoding   

  12  0:00  Drone  
  13  0:19  Overlord  
  13  0:23  Drone  
  14  0:44  Drone  
  15  1:04  Hatchery  
  15  1:07  Drone  
  15  1:13  Drone  
  15  1:18  Drone  
  17  1:22  Drone  
  18  1:43  Spawning Pool  
  17  1:55  Extractor, Drone x2  
  18  2:09  Drone  
  19  2:26  Drone  
  20  2:37  Overlord  
  20  2:45  Overlord  
  20  2:49  Queen x2  
  24  2:52  Drone  
  24  2:59  Drone  
  26  3:08  Drone  
  27  3:14  Drone  
  28  3:23  Drone  
  29  3:31  Drone  
  30  3:42  Drone  
  30  3:44  Hatchery  
  30  3:48  Drone  
  31  4:01  Drone x2  
  31  4:07  Drone  
  34  4:14  Zergling x2  
  35  4:34  Drone x5  
  35  4:39  Queen  
  42  4:44  Metabolic Boost  
  42  5:02  Overlord x2  
  42  5:24  Overlord  
  42  5:33  Lair  
  42  5:43  Drone x9  
  51  6:03  Roach Warren  
  50  6:17  Queen  
  52  6:21  Drone x8  
  52  6:22  Drone  
  52  6:28  Zergling x4  
  63  6:34  Extractor, Drone  
  63  6:36  Extractor  
  63  6:39  Extractor  
  61  6:47  Drone x4  
  65  7:00  Overlord  
  65  7:03  Overlord  
  65  7:13  Extractor  
  65  7:16  Extractor  
  65  7:18  Queen  
  65  7:26  Zergling x16  
  65  7:27  Drone  
  65  7:28  Drone x4  
  78  7:34  Hatchery  
  77  7:46  Glial Reconstitution  
  77  7:54  Drone x5  
  77  7:55  Overlord  
  77  7:56  Overlord x2  
  82  8:43  Drone x3  
  82  8:44  Drone  
  82  8:45  Drone x2  
  82  9:05  Hydralisk Den  
  82  9:08  Drone  
  82  9:09  Drone x2  
  79  9:14  Evolution Chamber  
  79  9:16  Evolution Chamber  
  77  9:48  Queen  
  79  9:52  Hatchery, Hydralisk x10  
  79  9:54  Hatchery  
  79  9:56  Hydralisk x3  
  79  9:57  Zergling x18  
  112  10:01  Overlord x3  
  112  10:17  Zerg Ground Armor Level 1, Zerg Melee Weapons Level 1  
  112  10:24  Overlord x3  
  112  10:32  Infestation Pit  
  111  10:55  Drone x2  
  111  10:56  Baneling Nest  
  111  10:58  Drone  
  113  11:02  Hydralisk x2  
  113  11:03  Zergling x2  
  113  11:04  Zergling x12  
  113  11:05  Zergling x2  
  113  11:06  Drone x7  
  132  11:19  Zergling x2  
  69  11:20  Zergling x6  
  136  11:38  Zergling x20  
  146  11:51  Hatchery  
  146  11:55  Drone  
  146  11:59  Drone x2  
  73  12:00  Drone x6  
  148  12:01  Drone x3  
  148  12:06  Zergling x10  
  148  12:08  Extractor  
  161  12:12  Extractor  
  160  12:20  Unknown  
  160  12:31  Hive  
  160  12:43  Zergling x14, Overlord  
  160  12:44  Overlord x3  
  167  12:57  Zerg Missile Weapons Level 1  
  167  13:19  Zergling x40  
  81  13:20  Zergling x6  
  187  13:23  Zerg Ground Armor Level 2  
  188  13:34  Zergling x8  
  188  13:35  Hydralisk x6  
  180  13:42  Zergling x10  
  180  13:49  Zergling x6  
  157  13:50  Hydralisk  
  139  14:00  Unknown  
  139  14:02  Hydralisk x7  
  139  14:03  Hydralisk x5  
  134  14:15  Hydralisk x2  
  134  14:16  Zergling x4, Hydralisk x3  
  135  14:24  Zergling x4  
  135  14:28  Hydralisk  
  135  14:29  Zergling x8  
  132  14:33  Hydralisk x8  
  132  14:34  Zergling x2  
  145  14:45  Zergling x6  
  145  14:46  Zergling x2  
  134  14:53  Zergling x2  
  134  14:54  Zergling x12  
  134  14:59  Hydralisk  
  128  15:03  Hydralisk  
  128  15:04  Zergling x2, Hydralisk x3  
  124  15:10  Queen  
  124  15:13  Hydralisk x2  
  124  15:14  Zergling x2, Hydralisk x2  
  122  15:21  Zergling x2, Hydralisk  
  122  15:22  Zergling x4  
  122  15:23  Adrenal Overload  
  122  15:27  Hydralisk x2  
  122  15:28  Zergling x2  
  126  15:33  Hydralisk  
  126  15:34  Zergling x4  
  126  15:35  Zergling x2  
  126  15:42  Drone  
  126  15:43  Drone x3  
  130  15:59  Hydralisk x3  
  136  16:01  Zergling x14  
  136  16:02  Zergling x2  
  136  16:03  Zergling x2  
  136  16:05  Zergling x2  
  146  16:10  Zergling x6  
  146  16:11  Zergling x2  
  150  16:27  Zergling x20  
  150  16:28  Zergling x2  
  160  16:34  Zergling x8  
  160  16:35  Zergling x2  
  158  16:41  Zerg Melee Weapons Level 2  
  158  16:44  Zerg Missile Weapons Level 2  
  158  16:47  Zergling x4  
  158  16:48  Zergling x2  
  151  16:52  Zergling x4  
  151  16:53  Zergling x2  
  151  16:55  Zergling x4  
  147  17:02  Zergling x8  
  147  17:03  Zergling x2  
  147  17:04  Zergling x2  
  147  17:06  Zergling x2  
  136  17:21  Hydralisk  
  136  17:22  Zergling x16  
  136  17:24  Zergling x2  
  141  17:32  Zergling x10  
  141  17:33  Zergling x2  
  141  17:36  Zergling x4  
  141  17:38  Hydralisk  
  146  17:44  Drone x3  
  146  17:46  Zergling x4  
  146  17:50  Zergling x4  
  146  17:59  Zergling x8  
  150  18:00  Zergling x8  
  150  18:01  Zergling x2  
  150  18:02  Zergling x2  
  150  18:05  Zergling x4  
  156  18:18  Zergling x18  
  156  18:19  Zergling x2  
  157  18:36  Extractor  
  157  18:39  Zergling x14  
  156  18:42  Extractor  
  156  18:43  Zergling x6  
  148  18:52  Hatchery  
  148  18:57  Zergling x8  
  148  18:58  Zergling x12  
  153  19:00  Zergling x4  
  155  19:30  Zergling x2  
  155  19:31  Zergling x40  
  155  19:32  Zergling x6  
  178  19:49  Drone x5  
  182  19:50  Drone x2  
  182  19:51  Hydralisk x3  
  182  19:53  Zergling x4  
  192  20:02  Zergling x2  
  192  20:03  Zergling x12  
  197  20:56  Zergling x4  
Tags
 
Add a new tag
Caveats
  • Supply blocks, unpowered buildings, or Contaminate may cause inaccurate times.
  • Supply counts are checked every 10 seconds.